 Dungeon Crawl Stone Soup version 0.24-a0-592-g9a1d66b0e3 (webtiles) character file.

Game seed: 1662217139847738162, levelgen mode: deterministic

1997 Mithandil the Destroyer (level 9, -7/51 HPs)
             Began as a Tengu Conjurer on Sept 9, 2019.
             Mangled by an orc warrior
             ... wielding a +0 short sword
              (15 damage)
             ... on level 6 of the Dungeon.
             The game lasted 00:31:45 (6439 turns).

Mithandil the Destroyer (Tengu Conjurer)            Turns: 6439, Time: 00:31:46

Health: -7/51      AC:  7    Str: 11    XL:     9   Next: 21%
Magic:  10/17      EV: 11    Int: 21    God:
Gold:   324        SH: 18    Dex: 14    Spells: 7/18 levels left

rFire    + + .     SeeInvis +   a - +0 trident (flame)
rCold    x . .     Gourm    .   d - +2 large shield
rNeg     . . .     Faith    .   q - +3 leather armour
rPois    +         Spirit   .   (helmet restricted)
rElec    .         Reflect  +   x - +0 cloak
rCorr    .         Harm     .   (no gloves)
MR       .....     Rnd*Rage +   (boots unavailable)
Stlth    ++........             y - +4 amulet of reflection
HPRegen  0.17/turn              l - ring of see invisible
MPRegen  0.15/turn              B - ring "Moupim" {Fire rPois Slay+2}

@: flying quickly and evasively, very slightly contaminated, quick
A: beak, talons 3, berserk 1, blink, clever 1, fire resistance 1, strong 1,
evolution 1, able to fly
a: Stop Flying, Blink


You were on level 6 of the Dungeon.
You were not hungry.

You visited 2 branches of the dungeon, and saw 8 of its levels.

You collected 324 gold pieces.

Inventory:

Hand Weapons
 a - a +0 trident of flaming (weapon)
 b - a +0 hunting sling
 j - a +0 short sword of freezing
Missiles
 e - 55 bolts
 i - 162 stones
 p - 29 poisoned darts (quivered)
 A - 26 sling bullets
Armour
 d - a +2 large shield (worn)
 h - a +0 ring mail
 q - a +3 leather armour (worn)
 u - a +0 buckler
 x - a +0 cloak (worn)
Jewellery
 l - a ring of see invisible (left hand)
 y - a +4 amulet of reflection (around neck)
 B - the ring "Moupim" (right hand) {Fire rPois Slay+2}
   (You found it on level 6 of the Dungeon)

   [ring of fire]

   It enhances your fire magic.
   It affects your accuracy and damage with ranged weapons and melee attacks
   (+2).
   It protects you from fire.
   It makes you vulnerable to cold.
   It protects you from poison.
Scrolls
 g - 2 scrolls of teleportation
 k - 2 scrolls of remove curse
 m - a scroll of immolation {unknown}
 r - a scroll of fog {unknown}
 t - a scroll of noise {unknown}
 v - a scroll of amnesia
 w - a scroll of blinking {unknown}
Potions
 f - a potion of lignification
 n - 2 potions of ambrosia
 o - a potion of heal wounds
 s - a potion of might
 z - a potion of agility {unknown}
Comestibles
 c - 7 rations


   Skills:
 + Level 3.3 Fighting
 + Level 3.5 Polearms
 + Level 4.4 Dodging
 + Level 4.3 Stealth
 * Level 4.2 Shields
 * Level 5.1 Spellcasting
 * Level 8.6 Conjurations
 + Level 2.5 Translocations


You had 7 spell levels left.
You knew the following spells:

 Your Spells              Type           Power        Failure   Level  Hunger
a - Magic Dart            Conj           ####         6%          1    None
b - Searing Ray           Conj           #####.       9%          2    None
c - Force Lance           Conj/Tloc      ####....     91%         4    ####...
d - Iskenderun's Mystic   Conj           #####...     52%         4    ####...

Your spell library contained the following spells:

 Spells                   Type           Power        Failure   Level  Hunger
 Dazzling Spray           Conj/Hex       ###...       71%         3    ##.....
 Confusing Touch          Hex            #.....       91%         1    None
 Gell's Gravitas          Tloc           ###.......   92%         3    ##.....
 Fulminant Prism          Conj/Hex       ###.......   98%         4    ####...
 Confuse                  Hex            #.......     99%         3    ##.....
 Petrify                  Tmut/Erth      #.......     100%        4    ####...
 Metabolic Englaciation   Hex/Ice        #.........   100%        5    #####..
 Yara's Violent Unravell  Hex/Tmut       #.........   100%        5    #####..


Dungeon Overview and Level Annotations

Branches:
Dungeon (7/15)             Temple (1/1) D:4

Altars:
Ashenzari
Dithmenos
Elyvilon
Fedhas
Gozag
Kikubaaqudgha
Makhleb
Nemelex Xobeh
Okawaru
Qazlal
Ru
Wu Jian
Xom
Yredelemnul
Zin
The Shining One
Jiyva


Innate Abilities, Weirdness & Mutations

You have a beak for a mouth.
You have claws for feet.
You can fly continuously.
You tend to lose your temper in combat.
You can translocate small distances at will.
Your mind is acute. (Int +2)
Your flesh is heat resistant. (rF+)
Your muscles are strong. (Str +2)
You evolve.


Message History

The searing ray hits the orc warrior but does no damage. (Press . to maintain the ray.)
You block the orc warrior's attack.
The searing ray hits the orc warrior.
The orc warrior is lightly wounded.
The orc warrior hits you with a +0 short sword!
* * * LOW HITPOINT WARNING * * *
The orc priest calls upon Beogh to heal the orc warrior.
The orc warrior's wounds heal themselves!
The searing ray hits the orc warrior.
The orc warrior is lightly wounded.
You block the orc warrior's attack.
The searing ray hits the orc warrior.
The orc warrior is moderately wounded.
You finish channeling your searing ray.
The orc priest invokes the aid of Beogh against you.
Pain shoots through your body!
* * * LOW HITPOINT WARNING * * *
The orc warrior hits you with a +0 short sword!
You die...

#.# #.# ###.# ....#
##..## .##..#
..##.#############
...#.............#
...##.##########@#####
#...#.# #oo...#
##..#.## #.###.#
.#..#..# #..# .#..##.#
#..# # .....#.#
#).##.# ....##.#
#.....# ..###..#
##.#### ###....#
#####.####


You could see an orc warrior and an orc priest.

Vanquished Creatures
  The ghost of paps the Shield-Bearer, a novice DsFi of Nemelex Xobeh (D:6)
  Grinder (D:4)
  Menkaure (D:6)
  A sky beast (D:5)
  A phantom (D:4)
  4 ice beasts (D:6)
  2 ogres
  A centaur (D:6)
  A scorpion (D:5)
  2 howler monkeys
  2 crimson imps (D:5)
  3 orc wizards
  A centaur skeleton (D:4)
  A gnoll (D:1)
  9 adders
  2 white imps (D:6)
  2 worker ant simulacra (D:6)
  An adder skeleton (D:5)
  A worm (D:2)
  An adder simulacrum (D:6)
  3 dart slugs
  5 leopard geckos
  10 orcs
  7 bats
  6 goblins
  6 hobgoblins
  4 jackals (D:3)
  A quokka (D:4)
  3 frilled lizards
  7 kobolds
  12 rats
102 creatures vanquished.

Notes
Turn   | Place    | Note
-------+----------+-------------------------------------------
     0 | D:1      | Mithandil the Tengu Conjurer began the quest for the Orb.
     0 | D:1      | Reached XP level 1. HP: 10/10 MP: 4/4
    27 | D:2      | Reached XP level 2. HP: 10/15 MP: 0/6
    31 | D:2      | Learned a level 2 spell: Searing Ray
   335 | D:3      | Reached XP level 3. HP: 14/20 MP: 0/7
   541 | D:1      | You fall into a shaft and drop 1 floor!
  1080 | D:3      | Reached XP level 4. HP: 24/24 MP: 5/8
  1086 | D:3      | Learned a level 4 spell: Force Lance
  1268 | D:2      | Reached skill level 6 in Conjurations
  1393 | D:2      | Reached skill level 1 in Fighting
  2029 | D:2      | Found a sacrificial altar of Ru.
  2219 | D:2      | Found a blossoming altar of Fedhas.
  2373 | D:2      | Gained mutation: You tend to lose your temper in combat.
                  | [potion of mutation]
  2373 | D:2      | Gained mutation: You evolve. [potion of mutation]
  2373 | D:2      | Gained mutation: Your mind is acute. (Int +2) [potion of
                  | mutation]
  2575 | D:3      | Gained mutation: You can fly continuously. [Tengu growth]
  2575 | D:3      | Reached XP level 5. HP: 29/29 MP: 4/10
  2883 | D:3      | Reached skill level 1 in Polearms
  2983 | D:3      | Gained mutation: You can translocate small distances at
                  | will. [evolution]
  3267 | D:3      | Reached skill level 1 in Shields
  3556 | D:4      | Reached XP level 6. HP: 35/35 MP: 7/11
  3562 | D:4      | Learned a level 4 spell: Iskenderun's Mystic Blast
  3575 | D:5      | Entered Level 5 of the Dungeon
  3714 | D:4      | Found a burning altar of Makhleb.
  3715 | D:4      | Found a sparkling altar of Nemelex Xobeh.
  3773 | D:4      | Gained mutation: Your flesh is heat resistant. (rF+)
                  | [evolution]
  3807 | D:4      | Noticed Grinder
  3812 | D:4      | Paralysed by Grinder for 5 turns
  3822 | D:4      | Killed Grinder
  3822 | D:4      | Reached skill level 1 in Translocations
  3822 | D:4      | Reached XP level 7. HP: 26/40 MP: 1/13
  4022 | D:6      | Noticed Menkaure
  4241 | D:4      | Found a staircase to the Ecumenical Temple.
  4300 | D:4      | Reached skill level 7 in Conjurations
  4922 | D:5      | Reached XP level 8. HP: 28/45 MP: 2/15
  5064 | Temple   | Entered the Ecumenical Temple
  5238 | D:5      | Found a stormy altar of Qazlal.
  5747 | D:5      | Found a basalt altar of Yredelemnul.
  5859 | D:6      | Killed Menkaure
  6126 | D:6      | Found a runed translucent gate.
  6126 | D:6      | Found a runed translucent gate.
  6126 | D:6      | Found a runed translucent gate.
  6222 | D:6      | Gained mutation: Your muscles are strong. (Str +2)
                  | [evolution]
  6223 | D:6      | Noticed paps's ghost (novice DsFi)
  6260 | D:6      | Killed paps's ghost
  6260 | D:6      | Reached skill level 8 in Conjurations
  6260 | D:6      | Reached XP level 9. HP: 35/50 MP: 1/17
  6269 | D:6      | Reached skill level 5 in Spellcasting
  6310 | D:6      | Got the ring "Moupim" {Fire}
  6339 | D:6      | Identified the ring "Moupim" {Fire rPois Slay+2} (You found
                  | it on level 6 of the Dungeon)
  6439 | D:6      | Mangled by an orc warrior

Levels and vault maps discovered:
D:1:      psy_arrival_basics, layout_rooms
D:2:      minmay_alternating_diamond, layout_basic, fedhas_altar_1,
          lemuel_coloured_pillars_altar
D:3:      layout_loops_ring, chequers_serial_rivers_micro_d,
          minmay_stone_trees_medium
D:4:      layout_layer_cave, minitemple, minmay_temple_entry_from_below_a,
          first_ration, uniq_grinder
D:5:      layout_loops_ring, lemuel_crystal_altar, basic_altar
D:6:      layout_loops_corners, gammafunk_ghost_icy, uniq_menkaure
D:7:      layout_loops_corners
Temple:   pf_slime_end_temple

Skill      XL: |  1  2  3  4  5  6  7  8  9 |
---------------+----------------------------+-----
Conjurations   | 6 7 8 |  8.6
Fighting       | 1 2 3 |  3.3
Spellcasting   | 3 4 5 |  5.1
Polearms       | 1 2 3 |  3.5
Dodging        | 3 4 |  4.4
Shields        | 1 2 4 |  4.2
Stealth        | 3 4 |  4.3
Translocations | 1 2 |  2.5

Action                   |  1- 3 |  4- 6 |  7- 9 || total
-------------------------+-------+-------+-------++-------
Melee: Unarmed           |    12 |       |       ||    12
       Kick              |     4 |     1 |    27 ||    32
       Whip              |     6 |       |       ||     6
       Peck              |     1 |     1 |    21 ||    23
       Trident           |       |     9 |   121 ||   130
       Short sword       |       |       |     9 ||     9
 Cast: Magic Dart        |    46 |    86 |    45 ||   177
       Searing Ray       |       |     8 |     8 ||    16
 Abil: Fly               |       |     1 |       ||     1
  Use: Potion            |     2 |     4 |     4 ||    10
       Scroll            |       |     6 |     2 ||     8
  Eat: Chunk             |     1 |     7 |       ||     8
       Ration            |       |     1 |     2 ||     3
Armor: Robe              |     1 |       |       ||     1
       Ring mail         |     5 |    12 |       ||    17
       Leather armour    |       |     7 |    37 ||    44
Dodge: Dodged            |    15 |    31 |    82 ||   128
Block: Buckler           |       |     2 |    41 ||    43
       Reflection        |       |       |     1 ||     1
       Large shield      |       |       |    22 ||    22

Table legend:
 A = Non-vault XP
 B = Vault XP
 C = Vault XP percentage of total XP
 D = Non-vault monster count
 E = Vault monster count
 F = Vault count percentage of total count
                 A         B        C        D         E       F
            +---------+---------+-------+---------+---------+-------
      Total |    1288 |    1566 |  54.9 |      87 |      15 |  14.7
            +---------+---------+-------+---------+---------+-------
        D:1 |      48 |       0 |   0.0 |      20 |       0 |   0.0
        D:2 |      81 |       3 |   3.6 |      20 |       3 |  13.0
        D:3 |     169 |       0 |   0.0 |      25 |       0 |   0.0
        D:4 |     351 |     254 |  42.0 |       7 |       1 |  12.5
        D:5 |     475 |       0 |   0.0 |       8 |       0 |   0.0
        D:6 |     164 |    1309 |  88.9 |       7 |      11 |  61.1
            +---------+---------+-------+---------+---------+-------
